| TOP OF THE 1ST |
|
Gwinnett Braves batting - Pitching for Sacramento River Cats : RHP Dave Crouch
|
|
Pitching: RHP Dave Crouch
|
|
|
Batting: RHB Nate Taylor
|
0-0: Called Strike 0-1: Ground out 6-3 (Groundball, 6, EV 84.4 MPH)
|
|
Batting: LHB Chris Locklear
|
0-0: Foul Ball, location: 2F 0-1: Foul Ball, location: 2F 0-2: Ground out 1-3 (Groundball, 15S, EV 69.4 MPH)
|
|
Batting: LHB David Bramble
|
0-0: Ball 1-0: Ground out U3 (Groundball, 3, EV 83.8 MPH)
|
| Top of the 1st over - 0 runs, 0 hits, 0 errors, 0 left on base; Gwinnett 0 - Sacramento 0 |
| BOTTOM OF THE 1ST |
|
Sacramento River Cats batting - Pitching for Gwinnett Braves : LHP Eduardo Baez
|
|
Pitching: LHP Eduardo Baez
|
|
|
Batting: RHB Hugo Zacarias
|
0-0: Called Strike 0-1: Swinging Strike 0-2: SINGLE (Line Drive, 89S, EV 105.0 MPH)
|
|
Batting: RHB Brian Rogers
|
0-0: Called Strike 0-1: Ball 1-1: SINGLE (Groundball, 6MD, EV 97.5 MPH) Hugo Zacarias to second Runner from 2nd tries for 3rd, SAFE, throw by CF made to third
|
|
Batting: RHB Troy Trice
|
0-0: Ball 1-0: Called Strike 1-1: Ball 2-1: Ball 3-1: Base on Balls Brian Rogers to second
|
|
Batting: RHB Nick Wicker
|
0-0: Called Strike 0-1: Ball 1-1: Ball 2-1: Ball 3-1: Base on Balls Hugo Zacarias scores Brian Rogers to third Troy Trice to second
|
|
Batting: LHB Ryan Braden
|
0-0: Ball 1-0: Ball 2-0: Called Strike 2-1: Ground out 6-3 (Groundball, 6S, EV 75.0 MPH) Brian Rogers scores Troy Trice to third Nick Wicker to second
|
|
Batting: RHB Frank Pena
|
0-0: Ball 1-0: Ball 2-0: Ball 3-0: Called Strike 3-1: Swinging Strike 3-2: Ground out 5-3 (Groundball, 25, EV 83.8 MPH)
|
|
Batting: RHB Dave Crouch
|
0-0: Foul Ball, location: 2F 0-1: Ball Wild Pitch! Troy Trice scores Nick Wicker to third 1-1: 2-RUN HOME RUN (Flyball, 8LXD, EV 115.0 MPH), Distance : 451 ft
|
|
Batting: RHB Matt Shepard
|
0-0: DOUBLE (Groundball, 5L, EV 99.4 MPH)
|
|
Batting: LHB Terry Ebersole
|
0-0: Called Strike 0-1: Ball 1-1: Foul Ball, location: 2F 1-2: SINGLE (Groundball, 56D, EV 106.9 MPH) Matt Shepard to third Runner from 3rd tries for Home, SAFE, throw by LF to home
|
|
Pitching: RHP Steve Dripps
|
|
|
Batting: RHB Hugo Zacarias
|
0-0: Foul Ball, location: 2F 0-1: Fly out, F8 (Flyball, 8LM, EV 93.8 MPH)
|
| Bottom of the 1st over - 6 runs, 5 hits, 0 errors, 1 left on base; Gwinnett 0 - Sacramento 6 |
| TOP OF THE 2ND |
|
Gwinnett Braves batting - Pitching for Sacramento River Cats : RHP Dave Crouch
|
|
Batting: SHB Bob Morales
|
0-0: Ball 1-0: Ground out U3 (Groundball, 3, EV 103.1 MPH)
|
|
Batting: SHB Brian Bagley
|
0-0: Swinging Strike 0-1: Swinging Strike 0-2: Ground out 4-3 (Groundball, 34, EV 98.8 MPH)
|
|
Batting: RHB Alex Munoz
|
0-0: Called Strike 0-1: Called Strike 0-2: Ball 1-2: Ground out 4-3 (Groundball, 4, EV 96.2 MPH)
|
| Top of the 2nd over - 0 runs, 0 hits, 0 errors, 0 left on base; Gwinnett 0 - Sacramento 6 |
| BOTTOM OF THE 2ND |
|
Sacramento River Cats batting - Pitching for Gwinnett Braves : RHP Steve Dripps
|
|
Batting: RHB Brian Rogers
|
0-0: Ball 1-0: Foul Ball, location: 2F 1-1: Ball 2-1: Fly out, F8 (Flyball, 89M, EV 89.4 MPH)
|
|
Batting: RHB Troy Trice
|
0-0: Called Strike 0-1: Swinging Strike 0-2: Foul Ball, location: 2F 0-2: Strikes out looking
|
|
Batting: RHB Nick Wicker
|
0-0: Ball 1-0: SINGLE (Groundball, 15S, EV 68.8 MPH) (infield hit)
|
|
Batting: LHB Ryan Braden
|
0-0: Called Strike 0-1: Ball Nick Wicker steals 2nd base (no throw) 1-1: Ground out U3 (Groundball, 13, EV 86.2 MPH)
|
| Bottom of the 2nd over - 0 runs, 1 hit, 0 errors, 1 left on base; Gwinnett 0 - Sacramento 6 |
| TOP OF THE 3RD |
|
Gwinnett Braves batting - Pitching for Sacramento River Cats : RHP Dave Crouch
|
|
Batting: RHB Dave Nickerson
|
0-0: Foul Ball, location: 2F 0-1: Called Strike 0-2: Ball 1-2: Ground out 3-1 (Groundball, 34D, EV 103.1 MPH)
|
|
Batting: RHB Mike Manchester
|
0-0: Ball 1-0: Fly out, F7 (Flyball, 7, EV 86.2 MPH)
|
|
Batting: SHB Eric Reeser
|
0-0: Ball 1-0: Ball 2-0: Ball 3-0: Foul Ball, location: 2F 3-1: Swinging Strike 3-2: Base on Balls
|
|
Batting: RHB Nate Taylor
|
0-0: Ball 1-0: Swinging Strike 1-1: Swinging Strike 1-2: Foul Ball, location: 2F 1-2: Fly out, F7 (Flyball, 78D, EV 95.6 MPH)
|
| Top of the 3rd over - 0 runs, 0 hits, 0 errors, 1 left on base; Gwinnett 0 - Sacramento 6 |
| BOTTOM OF THE 3RD |
|
Sacramento River Cats batting - Pitching for Gwinnett Braves : RHP Steve Dripps
|
|
Batting: RHB Frank Pena
|
0-0: Ground out 4-3 (Groundball, 4, EV 81.9 MPH)
|
|
Batting: RHB Dave Crouch
|
0-0: Ball 1-0: Foul Ball, location: 2F 1-1: Ball 2-1: Ball 3-1: Base on Balls
|
|
Batting: RHB Matt Shepard
|
0-0: Called Strike 0-1: Grounds into double play, 6-4-3 (Groundball, 6, EV 91.9 MPH)
|
| Bottom of the 3rd over - 0 runs, 0 hits, 0 errors, 0 left on base; Gwinnett 0 - Sacramento 6 |
| TOP OF THE 4TH |
|
Gwinnett Braves batting - Pitching for Sacramento River Cats : RHP Dave Crouch
|
|
Batting: LHB Chris Locklear
|
0-0: Ball 1-0: SINGLE (Groundball, 25, EV 71.2 MPH) (infield hit)
|
|
Batting: LHB David Bramble
|
0-0: Ball Chris Locklear is caught stealing 2nd base 2-6 1-0: Fly out, F8 (Flyball, 8LM, EV 89.4 MPH)
|
|
Batting: SHB Bob Morales
|
0-0: Ball 1-0: Called Strike 1-1: Ball 2-1: Swinging Strike 2-2: Strikes out swinging
|
| Top of the 4th over - 0 runs, 1 hit, 0 errors, 0 left on base; Gwinnett 0 - Sacramento 6 |
| BOTTOM OF THE 4TH |
|
Sacramento River Cats batting - Pitching for Gwinnett Braves : RHP Steve Dripps
|
|
Batting: LHB Terry Ebersole
|
0-0: Called Strike 0-1: Swinging Strike 0-2: Ball 1-2: Ball 2-2: Strikes out looking
|
|
Batting: RHB Hugo Zacarias
|
0-0: Called Strike 0-1: Swinging Strike 0-2: Foul Ball, location: 2F 0-2: Strikes out swinging, 2-3 out at first.
|
|
Batting: RHB Brian Rogers
|
0-0: Called Strike 0-1: Ball 1-1: Swinging Strike 1-2: Foul Ball, location: 2F 1-2: Foul Ball, location: 2F 1-2: Foul Ball, location: 2F 1-2: Ball 2-2: Ball 3-2: Foul Ball, location: 2F 3-2: Base on Balls
|
|
Batting: RHB Troy Trice
|
0-0: Ball 1-0: Ball 2-0: Foul Ball, location: 2F 2-1: Ground out 4-3 (Groundball, 13, EV 81.2 MPH)
|
| Bottom of the 4th over - 0 runs, 0 hits, 0 errors, 1 left on base; Gwinnett 0 - Sacramento 6 |
| TOP OF THE 5TH |
|
Gwinnett Braves batting - Pitching for Sacramento River Cats : RHP Dave Crouch
|
|
Batting: SHB Brian Bagley
|
0-0: Foul Ball, location: 2F 0-1: Ball 1-1: Called Strike 1-2: Ground out 6-3 (Groundball, 4, EV 80.6 MPH)
|
|
Batting: RHB Alex Munoz
|
0-0: Ball 1-0: Ball 2-0: TRIPLE (Groundball, 3L, EV 103.8 MPH)
|
|
Batting: RHB Dave Nickerson
|
0-0: Reached on error, E1 (Groundball, 15S, EV 73.8 MPH) Alex Munoz scores
|
|
Batting: RHB Mike Manchester
|
0-0: Foul Ball, location: 2F 0-1: Foul Ball, location: 2F 0-2: Ball 1-2: DOUBLE (Line Drive, 89D, EV 106.9 MPH) Dave Nickerson scores
|
|
Batting: SHB Eric Reeser
|
0-0: Called Strike 0-1: Called Strike 0-2: Strikes out swinging
|
|
Batting: RHB Nate Taylor
|
0-0: Foul Ball, location: 2F 0-1: Ground out U3 (Groundball, 34, EV 93.1 MPH)
|
| Top of the 5th over - 2 runs, 2 hits, 1 error, 1 left on base; Gwinnett 2 - Sacramento 6 |
| BOTTOM OF THE 5TH |
|
Sacramento River Cats batting - Pitching for Gwinnett Braves : RHP Steve Dripps
|
|
Batting: RHB Nick Wicker
|
0-0: Ball 1-0: SINGLE (Groundball, 56, EV 100.0 MPH) (infield hit)
|
|
Pitching: LHP Justin Sullins
|
|
|
Batting: LHB Ryan Braden
|
0-0: Ball 1-0: Called Strike 1-1: SINGLE (Line Drive, 89S, EV 90.0 MPH) Nick Wicker to second Runner from 2nd tries for 3rd, SAFE, throw by RF made to third
|
|
Batting: RHB Frank Pena
|
0-0: Ball 1-0: Ball 2-0: Fielders Choice at 2nd, 5-4 (Groundball, 56S, EV 91.2 MPH) Nick Wicker scores
|
|
Batting: RHB Dave Crouch
|
0-0: Ball 1-0: SINGLE (Groundball, 34D, EV 102.5 MPH) Frank Pena to second Runner from 2nd tries for 3rd, SAFE, throw by RF made to third
|
|
Batting: RHB Matt Shepard
|
0-0: Swinging Strike 0-1: Ball 1-1: Ball 2-1: Foul Ball, location: 2F 2-2: Ball 3-2: Strikes out swinging
|
|
Batting: LHB Terry Ebersole
|
0-0: Ball 1-0: Ground out 4-3 (Groundball, 4, EV 88.1 MPH)
|
| Bottom of the 5th over - 1 run, 3 hits, 0 errors, 2 left on base; Gwinnett 2 - Sacramento 7 |
| TOP OF THE 6TH |
|
Gwinnett Braves batting - Pitching for Sacramento River Cats : RHP Dave Crouch
|
|
Batting: LHB Chris Locklear
|
0-0: Called Strike 0-1: Foul Ball, location: 2F 0-2: Ball 1-2: Strikes out swinging
|
|
Batting: LHB David Bramble
|
0-0: SINGLE (Line Drive, 8RS, EV 102.5 MPH)
|
|
Batting: SHB Bob Morales
|
0-0: Ball 1-0: Fly out, F6 (Popup, 6S, EV 73.1 MPH)
|
|
Batting: SHB Brian Bagley
|
0-0: Ball 1-0: Ball 2-0: Foul Ball, location: 2F 2-1: Ground out 5-3 (Groundball, 56S, EV 88.8 MPH)
|
| Top of the 6th over - 0 runs, 1 hit, 0 errors, 1 left on base; Gwinnett 2 - Sacramento 7 |
| BOTTOM OF THE 6TH |
|
Sacramento River Cats batting - Pitching for Gwinnett Braves : LHP Justin Sullins
|
|
Batting: RHB Hugo Zacarias
|
0-0: Ball 1-0: Swinging Strike 1-1: Foul Ball, location: 2F 1-2: Ball 2-2: Ground out 3-1 (Groundball, 34S, EV 82.5 MPH)
|
|
Batting: RHB Brian Rogers
|
0-0: Called Strike 0-1: Foul Ball, location: 2F 0-2: Foul Ball, location: 2F 0-2: Ball 1-2: Foul Ball, location: 2F 1-2: DOUBLE (Line Drive, 8LXD, EV 104.4 MPH)
|
|
Batting: RHB Troy Trice
|
0-0: Ball 1-0: DOUBLE (Line Drive, 3D, EV 95.0 MPH) Brian Rogers scores
|
|
Batting: RHB Nick Wicker
|
0-0: Called Strike 0-1: Ground out 6-3 (Groundball, 6, EV 85.0 MPH)
|
|
Batting: LHB Ryan Braden
|
0-0: Called Strike 0-1: Ball 1-1: Ball 2-1: Fly out, F7 (Flyball, 78XD, EV 105.0 MPH)
|
| Bottom of the 6th over - 1 run, 2 hits, 0 errors, 1 left on base; Gwinnett 2 - Sacramento 8 |
| TOP OF THE 7TH |
|
Gwinnett Braves batting - Pitching for Sacramento River Cats : RHP Dave Crouch
|
|
Batting: RHB Alex Munoz
|
0-0: Ball 1-0: Called Strike 1-1: Ground out U3 (Groundball, 3L, EV 88.8 MPH)
|
|
Batting: RHB Dave Nickerson
|
0-0: Foul Ball, location: 2F 0-1: Ground out 6-3 (Groundball, 6, EV 105.6 MPH)
|
|
Batting: RHB Mike Manchester
|
0-0: Called Strike 0-1: Ball 1-1: Foul Ball, location: 2F 1-2: Foul Ball, location: 2F 1-2: Ball 2-2: Reached on error, E6 (Groundball, 6, EV 76.2 MPH)
|
|
Batting: SHB Eric Reeser
|
0-0: Called Strike 0-1: Ball Mike Manchester steals 2nd base 1-1: Foul Ball, location: 2F 1-2: Foul Ball, location: 2F 1-2: Ball 2-2: Ball 3-2: Base on Balls
|
|
Batting: RHB Nate Taylor
|
0-0: Foul Ball, location: 2F 0-1: Ball 1-1: Fly out, F8 (Flyball, 8RXD, EV 100.6 MPH)
|
| Top of the 7th over - 0 runs, 0 hits, 1 error, 2 left on base; Gwinnett 2 - Sacramento 8 |
| BOTTOM OF THE 7TH |
|
Sacramento River Cats batting - Pitching for Gwinnett Braves : LHP Justin Sullins
|
|
Batting: RHB Frank Pena
|
0-0: Fly out, F8 (Flyball, 89M, EV 79.4 MPH)
|
|
Batting: RHB Dave Crouch
|
0-0: Ball 1-0: Called Strike 1-1: Swinging Strike 1-2: Ball 2-2: Strikes out swinging
|
|
Batting: RHB Matt Shepard
|
0-0: Ball 1-0: Foul Ball, location: 2F 1-1: Ball 2-1: Ball 3-1: Foul Ball, location: 2F 3-2: Fly out, F9 (Flyball, 9, EV 86.9 MPH)
|
| Bottom of the 7th over - 0 runs, 0 hits, 0 errors, 0 left on base; Gwinnett 2 - Sacramento 8 |
| TOP OF THE 8TH |
|
Gwinnett Braves batting - Pitching for Sacramento River Cats : RHP Dave Crouch
|
|
Batting: LHB Chris Locklear
|
0-0: Ball 1-0: Ball 2-0: Ground out 6-3 (Groundball, 6S, EV 80.6 MPH)
|
|
Batting: LHB David Bramble
|
0-0: Fly out, F7 (Flyball, 7D, EV 86.2 MPH)
|
|
Batting: SHB Bob Morales
|
0-0: Ball 1-0: Ball 2-0: Ball 3-0: Called Strike 3-1: Base on Balls
|
|
Pitching: RHP Israel Alvarado
|
|
|
Batting: SHB Brian Bagley
|
0-0: Ball 1-0: 2-RUN HOME RUN (Line Drive, 89XD, EV 116.2 MPH), Distance : 455 ft
|
|
Batting: RHB Alex Munoz
|
0-0: Ball 1-0: Called Strike 1-1: Ball 2-1: Ball 3-1: Base on Balls
|
|
Batting: RHB Dave Nickerson
|
0-0: Called Strike 0-1: Foul Ball, location: 2F 0-2: Ball 1-2: Strikes out looking
|
| Top of the 8th over - 2 runs, 1 hit, 0 errors, 1 left on base; Gwinnett 4 - Sacramento 8 |
| BOTTOM OF THE 8TH |
|
Sacramento River Cats batting - Pitching for Gwinnett Braves : LHP Justin Sullins
|
|
Pitching: RHP David Krampe
|
|
|
Batting: LHB Terry Ebersole
|
0-0: Called Strike 0-1: SINGLE (Groundball, 56D, EV 105.6 MPH)
|
|
Batting: RHB Hugo Zacarias
|
0-0: Ball 1-0: Ball 2-0: Bunted foul 2-1: Bunted foul 2-2: SINGLE (Groundball, 56D, EV 101.2 MPH) Terry Ebersole to second
|
|
Batting: RHB Brian Rogers
|
0-0: Ball 1-0: Foul Ball, location: 2F 1-1: Called Strike 1-2: Foul Ball, location: 2F 1-2: Fly out, F7 (Flyball, 7D, EV 102.5 MPH)
|
|
Batting: RHB Troy Trice
|
0-0: Called Strike 0-1: Ball 1-1: Foul Ball, location: 2F 1-2: Foul Ball, location: 2F 1-2: Foul Ball, location: 2F 1-2: SINGLE (Groundball, 6S, EV 97.5 MPH) Terry Ebersole to third Hugo Zacarias to second
|
|
Batting: RHB Nick Wicker
|
0-0: Ball 1-0: Foul Ball, location: 2F 1-1: Fielders Choice at 2nd, 3-6 (Groundball, 34, EV 76.9 MPH) Terry Ebersole scores Hugo Zacarias to third
|
|
Batting: LHB Ryan Braden
|
0-0: SINGLE (Line Drive, 89S, EV 98.8 MPH) Hugo Zacarias scores Nick Wicker to second Runner from 2nd tries for 3rd, SAFE, throw by CF made to third
|
|
Batting: RHB Frank Pena
|
0-0: Called Strike 0-1: Fly out, F6 (Line Drive, 6MD, EV 70.6 MPH)
|
| Bottom of the 8th over - 2 runs, 4 hits, 0 errors, 2 left on base; Gwinnett 4 - Sacramento 10 |
| TOP OF THE 9TH |
|
Gwinnett Braves batting - Pitching for Sacramento River Cats : RHP Israel Alvarado
|
|
Batting: RHB Mike Manchester
|
0-0: Fly out, F9 (Flyball, 89S, EV 86.9 MPH)
|
|
Batting: SHB Eric Reeser
|
0-0: Called Strike 0-1: Foul Ball, location: 2F 0-2: SOLO HOME RUN (Flyball, 9D, EV 100.0 MPH), Distance : 394 ft
|
|
Batting: RHB Nate Taylor
|
0-0: Ball 1-0: Ball 2-0: Reached on error, E5 (Groundball, 25, EV 80.6 MPH)
|
|
Batting: LHB Chris Locklear
|
0-0: Ball 1-0: Called Strike 1-1: Ball 2-1: Swinging Strike 2-2: Ball 3-2: Base on Balls Nate Taylor to second
|
|
Batting: LHB David Bramble
|
0-0: SINGLE (Groundball, 6M, EV 100.6 MPH) (infield hit) Nate Taylor to third Chris Locklear to second
|
|
Pitching: RHP Doug Kennie
|
|
|
Batting: SHB Bob Morales
|
0-0: Ball Wild Pitch! Nate Taylor scores Chris Locklear to third David Bramble to second 1-0: Called Strike 1-1: Ground out 4-3 (Groundball, 4, EV 80.0 MPH) Chris Locklear scores David Bramble to third
|
|
Batting: SHB Brian Bagley
|
0-0: Foul Ball, location: 2F 0-1: Ball 1-1: Swinging Strike 1-2: Strikes out swinging
|
| Top of the 9th over - 3 runs, 2 hits, 1 error, 1 left on base; Gwinnett 7 - Sacramento 10 |
|